 Dungeon Crawl Stone Soup version 0.23-a0-760-g92239d2 (webtiles) character file.

8152 SmSkdm the Martial Artist (level 11, 0/75 HPs)
             Began as a Kitsune Transmuter on July 20, 2019.
             Was an Elder of Wu Jian.
             Slain by Snorg (3 damage)
             ... on level 11 of the Dungeon on July 21, 2019.
             The game lasted 01:00:28 (15229 turns).

SmSkdm the Martial Artist (Kitsune Transmuter)     Turns: 15229, Time: 01:00:28

Health: 0/75       AC:  5    Str: 10    XL:     11   Next: 50%
Magic:  9/23       EV: 14    Int: 18    God:    Wu Jian [****..]
Gold:   1254       SH:  0    Dex: 21    Spells: 11/26 levels left

rFire    . . .     SeeInvis .     - Unarmed
rCold    + . .     Gourm    .   (shield currently unavailable)
rNeg     . . .     Faith    .   r - +2 robe {rC+}
rPois    .         Spirit   .   (helmet restricted)
rElec    .         Reflect  .   q - +0 cloak
rCorr    .         Harm     .   (gloves currently unavailable)
MR       +....                  (no boots)
Stlth    +++.......             (no amulet)
HPRegen  0.22/turn              f - +5 ring of dexterity
MPRegen  0.18/turn              (no ring)

@: blade hands (expiring)
A: charm monsters, no helmets, claws 1
a: Charm Monsters, End Transformation, Wall Jump, Serpent's Lash, Renounce
Religion


You were on level 11 of the Dungeon.
You worshipped Wu Jian.
Wu Jian was greatly pleased with you.
You were hungry.
You had blades for hands.
You visited 2 branches of the dungeon, and saw 12 of its levels.
You also visited: Bailey.

You collected 1254 gold pieces.

Inventory:

Missiles
 a - 122 arrows
Armour
 b - a +0 robe
 n - a +0 leather armour
 q - a +0 cloak (worn)
 r - a +2 robe of cold resistance (worn)
 v - a +0 buckler (melded)
 y - a +0 shield
 G - a +1 pair of gloves (melded)
Magical Staves
 F - an uncursed staff of fire
Jewellery
 f - a +5 ring of dexterity (left scythe-like blade)
 t - an uncursed ring of ice
Wands
 C - a wand of flame (11)
 D - a wand of paralysis (4)
 E - a wand of iceblast (14)
 I - a wand of polymorph (6)
Scrolls
 c - a scroll of enchant armour {unknown}
 e - 2 scrolls of amnesia {unknown}
 j - a scroll of immolation {unknown}
 k - a scroll of fog {unknown}
 l - 2 scrolls of noise
 m - 4 scrolls of teleportation
 o - a scroll of enchant weapon
 p - 8 scrolls of remove curse
 s - 9 scrolls of identify
 u - a scroll of blinking {unknown}
 z - a scroll of fear {unknown}
 J - a scroll of vulnerability {unknown}
Potions
 g - 3 potions of mutation
 h - a potion of magic {unknown}
 i - 3 potions of agility
 w - a potion of curing
 x - a potion of lignification {unknown}
 A - a potion of might {unknown}
 B - a potion of resistance {unknown}
 H - a potion of cancellation {unknown}
Comestibles
 d - 12 rations


   Skills:
 + Level 7.5 Fighting
 + Level 3.3 Dodging
 + Level 3.8 Stealth
 + Level 4.0 Shields
 + Level 9.0 Unarmed Combat
 - Level 8.0 Spellcasting
 + Level 5.8 Transmutations


You had 11 spell levels left.
You knew the following spells:

 Your Spells              Type           Power        Failure   Level  Hunger
a - Beastly Appendage     Tmut           ####..       14%         1    None
b - Sticks to Snakes      Tmut           ####....     17%         2    None
c - Spider Form           Tmut/Pois      ###.......   43%         3    #......
d - Ice Form              Ice/Tmut       ###.....     73%         4    ###....
e - Blade Hands           Tmut           ####......   69%         5    #####..

Your spell library contained the following spells:

 Spells                   Type           Power        Failure   Level  Hunger
 Freeze                   Ice            #...         45%         1    None
 Magic Dart               Conj           #...         45%         1    None
 Shock                    Conj/Air       #...         45%         1    None
 Searing Ray              Conj           #.....       54%         2    None
 Swiftness                Chrm/Air       #.......     54%         2    None
 Throw Frost              Conj/Ice       #.....       54%         2    None
 Dazzling Spray           Conj/Hex       #.....       71%         3    #......
 Ozocubu's Armour         Chrm/Ice       #.......     71%         3    #......
 Static Discharge         Conj/Air       #.......     71%         3    #......
 Airstrike                Air            #.........   95%         4    ###....
 Force Lance              Conj/Tloc      #.......     95%         4    ###....
 Fulminant Prism          Conj/Hex       #.........   95%         4    ###....
 Iskenderun's Mystic Bla  Conj           #.......     95%         4    ###....
 Summon Ice Beast         Ice/Summ       #.......     95%         4    ###....
 Throw Icicle             Conj/Ice       #.......     95%         4    ###....
 Lightning Bolt           Conj/Air       #.........   99%         5    #####..


Dungeon Overview and Level Annotations

Branches:
Dungeon (11/15)            Temple (1/1) D:6            Lair (0/6) D:8
    Orc: D:9-12

Altars:
Ashenzari
Cheibriados
Dithmenos
Elyvilon
Fedhas
Gozag
Hepliaklqana
Kikubaaqudgha
Makhleb
Nemelex Xobeh
Okawaru
Qazlal
Ru
Sif Muna
Trog
Uskayaw
Vehumet
Wu Jian
Xom
Yredelemnul
Zin
The Shining One

Annotations:
D:11 Snorg


Innate Abilities, Weirdness & Mutations

You can charm monsters.
You have fox ears (no helmets).
You have sharp fingernails.


Message History

Unknown command.
You completely miss Snorg.
Snorg is almost dead.
You feel less exhausted.
Your ball python bites Snorg.
Your adder bites Snorg.
Snorg bites your ball python!!
Your ball python dies!
Your ball python barely misses Snorg. x2
Your ball python completely misses Snorg.
Snorg shouts!
Unknown command.
Unknown command.
Unknown command.
Unknown command.
You hit Snorg.
Snorg is almost dead.
Your adder closely misses Snorg.
Snorg bites you! Snorg claws you!!
* * * LOW HITPOINT WARNING * * *
Snorg claws you.
You die...

#..# #.########
######..#########.#########
...........................
........##########.........
######..# #.######## #..#
#.# #>.##########.########
###.....................
..[......@SS.[...<........
.........STS##########....
##########..# ... #..# ..
...... . .........
########.... ..## ..#


You could see Snorg (berserk), a friendly adder and 3 friendly ball pythons.

Vanquished Creatures
  An orc knight (Bailey)
  2 hippogriffs
  A spriggan (D:7)
  6 yaks
  A wraith (D:11)
  A hungry ghost (D:9)
  Menkaure (D:7)
  11 orc warriors
  A phantom (D:5)
  4 ice beasts
  2 black bears
  An eye of draining (D:11)
  3 sky beasts
  6 ogres
  6 centaurs
  A necrophage (D:7)
  A crocodile (D:9)
  3 bullfrogs
  A big kobold (D:9)
  3 gnoll sergeants
  A water moccasin zombie (D:7)
  2 scorpions
  9 worker ants
  5 killer bees (D:10)
  12 wights
  2 howler monkeys
  6 crimson imps
  2 centaur zombies (D:10)
  A quasit (D:10)
  5 jellies
  2 centaur skeletons
  3 hounds
  2 orc wizards
  2 orc priests
  4 bullfrog skeletons
  2 iguanas
  3 hound skeletons
  10 gnolls
  7 adders
  2 shadow imps
  An ooze (D:6)
  An adder zombie (D:5)
  An adder skeleton (D:4)
  A worm (D:3)
  2 dart slugs
  4 leopard geckos
  23 orcs
  4 ball pythons
  6 giant cockroaches
  4 goblins (D:9)
  7 hobgoblins
  16 jackals
  11 kobolds
  3 quokkas
  8 bats
  4 frilled lizards
  7 rats
241 creatures vanquished.

Vanquished Creatures (collateral kills)
  A komodo dragon (D:8)
  2 yaks (D:9)
  4 orc warriors
  2 ogres
  A wight (D:7)
  2 hounds (D:4)
  A jelly (D:8)
  An iguana (D:4)
  A worker ant (D:5)
  A hound zombie (D:6)
  An adder skeleton (D:4)
  A dart slug (D:1)
  3 orcs
  A quokka (D:6)
22 creatures vanquished.

Vanquished Creatures (others)
  A wight (D:8)
  2 plants (D:8)
3 creatures vanquished.

Grand Total: 266 creatures vanquished

Notes
Turn   | Place    | Note
-------+----------+-------------------------------------------
     0 | D:1      | SmSkdm the Kitsune Transmuter began the quest for the Orb.
     0 | D:1      | Reached XP level 1. HP: 12/12 MP: 3/3
   225 | D:1      | Reached skill level 3 in Unarmed Combat
   274 | D:1      | Reached XP level 2. HP: 14/18 MP: 5/5
   596 | D:1      | Learned a level 2 spell: Sticks to Snakes
   641 | D:1      | Reached XP level 3. HP: 9/22 MP: 1/6
   880 | D:1      | Reached skill level 1 in Fighting
  1635 | D:2      | Reached XP level 4. HP: 23/28 MP: 5/7
  1640 | D:2      | Learned a level 3 spell: Spider Form
  2085 | D:3      | Reached skill level 4 in Unarmed Combat
  2097 | D:3      | Reached XP level 5. HP: 6/34 MP: 6/8
  2533 | D:3      | Found a hide-covered altar of Uskayaw.
  3186 | D:3      | Found a burning altar of Makhleb.
  3319 | D:3      | Found a faded altar of an unknown god.
  3934 | D:4      | Reached XP level 6. HP: 31/41 MP: 3/9
  4318 | D:4      | Noticed an ogre
  4333 | D:4      | Killed an ogre
  4333 | D:4      | Reached XP level 7. HP: 42/46 MP: 0/10
  4484 | D:4      | Reached skill level 5 in Unarmed Combat
  4788 | D:4      | Found an ornate altar of the Wu Jian Council.
  4788 | D:4      | Found a sacrificial altar of Ru.
  4789 | D:4      | Found a radiant altar of Vehumet.
  4800 | D:4      | Became a worshipper of the Wu Jian Council
  4950 | D:5      | Entered Level 5 of the Dungeon
  5316 | D:5      | Reached skill level 1 in Stealth
  5323 | D:5      | Reached XP level 8. HP: 38/53 MP: 9/11
  5608 | D:5      | Found a sparkling altar of Nemelex Xobeh.
  7143 | D:6      | Reached skill level 5 in Transmutations
  7153 | D:6      | Reached skill level 1 in Shields
  7167 | D:6      | Found a staircase to the Ecumenical Temple.
  7228 | Temple   | Entered the Ecumenical Temple
  7712 | D:6      | Reached skill level 6 in Unarmed Combat
  7712 | D:6      | Reached XP level 9. HP: 52/59 MP: 6/13
  8352 | D:7      | Reached * piety under Wu Jian
  8800 | D:7      | Reached skill level 5 in Fighting
  9740 | D:7      | Noticed Menkaure
  9756 | D:7      | Killed Menkaure
  9756 | D:7      | Reached skill level 7 in Unarmed Combat
  9756 | D:7      | Reached XP level 10. HP: 58/66 MP: 7/17
  9960 | D:8      | Found a shattered altar of Ashenzari.
  9983 | D:8      | Noticed a komodo dragon
  9984 | D:8      | Found a staircase to the Lair.
  9995 | D:8      | Reached skill level 5 in Spellcasting
 10006 | D:8      | Killed a komodo dragon
 10485 | D:8      | Found a hide-covered altar of Uskayaw.
 10784 | D:8      | Reached ** piety under Wu Jian
 11144 | D:9      | Noticed a two-headed ogre
 11149 | D:9      | Found a flagged portal.
 11393 | Bailey   | Entered a bailey
 11393 | Bailey   | Noticed an orc knight
 11436 | Bailey   | HP: 2/69 [orc warrior/bolt (11)]
 11804 | Bailey   | Learned a level 4 spell: Ice Form
 12437 | Bailey   | Killed an orc knight
 12437 | Bailey   | Reached skill level 8 in Unarmed Combat
 13335 | D:9      | Reached XP level 11. HP: 39/74 MP: 18/21
 13653 | D:9      | Reached *** piety under Wu Jian
 13859 | D:10     | Entered Level 10 of the Dungeon
 14093 | D:10     | Learned a level 5 spell: Blade Hands
 14785 | D:11     | Reached skill level 9 in Unarmed Combat
 14986 | D:11     | Reached **** piety under Wu Jian
 15048 | D:11     | Noticed Snorg
 15229 | D:11     | HP: 3/75 [Snorg (21)]
 15229 | D:11     | Slain by Snorg

Vault maps used:
D:1:      lemuel_arrival_behind_the_door_small, minmay_misc_feat_diagonals
D:2:      minmay_inner_zag, first_ration, chequers_serial_rivers_marsh
D:3:      cheibrodos_pilgrimage, makhleb_grotto_becter,
          overflow_temple_1_default, chequers_ecumenical_altar_twisty,
          serial_forest, infiniplex_forest_corner_1,
          infiniplex_forest_straight_3, infiniplex_forest_clump_small,
          infiniplex_forest_clump_diagonal, infiniplex_forest_lined_room_2,
          infiniplex_forest_clump_curved, infiniplex_forest_clump_long,
          infiniplex_forest_end_2, chequers_big_river
D:4:      minmay_angry_zag, gammafunk_temple_overflow_claw
D:5:      nicolae_overflow_crystal_walls
D:6:      minmay_temple_entry_slanted
D:7:      the_bakery, uniq_menkaure
D:8:      overflow_temple_1_default, david_lair_shrubbed, basic_altar
D:9:      enter_bailey_3, sword_in_stone
D:11:     hangedman_tell_no_tales, uniq_snorg
Temple:   minmay_freezing_vapour_temple
Bailey:   bailey_polearm_4, bailey

Skill      XL: |  1  2  3  4  5  6  7  8  9 10 11 |
---------------+----------------------------------+-----
Unarmed Combat | 3 4 5 6 7 8 9 |  9.0
Fighting       | 1 2 3 4 5 6 7 |  7.5
Dodging        | 2 3 |  3.3
Transmutations | 3 4 5 |  5.8
Stealth        | 1 2 3 |  3.8
Shields        | 1 3 4 |  4.0
Spellcasting   | 4 7 8 |  8.0

Action                   |  1- 3 |  4- 6 |  7- 9 | 10-12 || total
-------------------------+-------+-------+-------+-------++-------
Melee: Unarmed           |    73 |   178 |   374 |   438 ||  1063
       Kick              |     3 |     4 |     9 |       ||    16
       Headbutt          |     3 |       |     8 |       ||    11
       Punch             |     1 |       |       |       ||     1
 Cast: Beastly Appendage |     8 |     6 |    12 |     1 ||    27
       Sticks to Snakes  |     4 |     3 |    14 |    31 ||    52
       Spider Form       |       |     3 |    14 |    26 ||    43
       Ice Form          |       |       |       |     3 ||     3
       Blade Hands       |       |       |       |     2 ||     2
Invok: Lunge             |       |       |    21 |    22 ||    43
       Whirlwind         |       |       |       |   127 ||   127
       Wall Jump         |       |       |       |    35 ||    35
 Abil: Charm Monsters    |     2 |     4 |     6 |    15 ||    27
       End Transformatio |       |       |       |     1 ||     1
  Use: Potion            |       |     2 |       |     3 ||     5
       Scroll            |       |       |     2 |     4 ||     6
 Stab: Sleeping          |     6 |       |     6 |     5 ||    17
       Betrayed ally     |     1 |     2 |       |     2 ||     5
       Distracted        |       |       |     1 |     1 ||     2
  Eat: Chunk             |     3 |     9 |    16 |    14 ||    42
       Ration            |       |       |     1 |     2 ||     3
Armor: Robe              |     9 |       |       |    18 ||    27
       Leather armour    |    13 |    37 |    44 |    10 ||   104
       Skin              |       |     2 |     9 |     9 ||    20
Dodge: Dodged            |    48 |   113 |   194 |   261 ||   616
Block: Buckler           |       |       |    17 |    30 ||    47

Table legend:
 A = Non-vault XP
 B = Vault XP
 C = Vault XP percentage of total XP
 D = Non-vault monster count
 E = Vault monster count
 F = Vault count percentage of total count
                 A         B        C        D         E       F
            +---------+---------+-------+---------+---------+-------
      Total |    8994 |    2653 |  22.8 |     209 |      36 |  14.7
            +---------+---------+-------+---------+---------+-------
        D:1 |      34 |       0 |   0.0 |      19 |       0 |   0.0
        D:2 |      10 |      31 |  75.6 |       6 |       5 |  45.5
        D:3 |      96 |      82 |  46.1 |      17 |       6 |  26.1
        D:4 |     412 |     179 |  30.3 |      18 |       3 |  14.3
        D:5 |     603 |       0 |   0.0 |      20 |       0 |   0.0
        D:6 |     846 |       0 |   0.0 |      23 |       0 |   0.0
        D:7 |    1269 |     366 |  22.4 |      20 |       2 |   9.1
        D:8 |    1286 |     169 |  11.6 |      22 |       1 |   4.3
        D:9 |    2153 |     442 |  17.0 |      30 |       8 |  21.1
       D:10 |    1587 |       0 |   0.0 |      28 |       0 |   0.0
       D:11 |     698 |       0 |   0.0 |       6 |       0 |   0.0
     Bailey |       0 |    1384 | 100.0 |       0 |      11 | 100.0
            +---------+---------+-------+---------+---------+-------
